 Dungeon Crawl Stone Soup version 0.30-a0-322-g102857c98e (webtiles) character file.

Game seed: 14619057497934753341

112 ryw the Trooper (level 4, 0/39 HPs)
             Began as a Demonspawn Monk on Oct 27, 2022.
             Succumbed to an adder's poison
             ... on level 5 of the Dungeon.
             The game lasted 00:03:25 (2285 turns).

ryw the Trooper (Demonspawn Monk)                   Turns: 2285, Time: 00:03:26

Health: 0/39       AC: 13    Str: 14    XL:     4   Next: 64%
Magic:  4/4        EV:  6    Int: 11    God:
Gold:   90         SH:  4    Dex: 15    Spells: 3/3 levels left

rFire   . . .      SeeInvis .    b - +3 quarterstaff (chaos)
rCold   . . .      Faith    .    (shield currently unavailable)
rNeg    . . .      Spirit   .    c - +0 chain mail
rPois   .          Reflect  .    (no helmet)
rElec   .          Harm     .    d - +0 cloak
rCorr   .          Rampage  .    (no gloves)
Will    .....                    (no boots)
Stlth   ..........               (no amulet)
HPRegen 0.26/turn                m - +4 ring of protection
MPRegen 0.09/turn                (no ring)

@: lethally poisoned (0 -> -3)
A: condensation shield
a: no special abilities


You were on level 5 of the Dungeon.
You visited 1 branch of the dungeon, and saw 4 of its levels.

You collected 90 gold pieces.

Inventory:

Hand Weapons
 b - a +3 quarterstaff of chaos (weapon)
Missiles
 g - 4 boomerangs (quivered)
Armour
 a - a +0 robe
 c - a +0 chain mail (worn)
 d - a +0 cloak (worn)
Jewellery
 m - a +4 ring of protection (left hand)
Scrolls
 i - a scroll of noise {unknown}
 j - a scroll of amnesia {unknown}
 k - a scroll of summoning {unknown}
 l - a scroll of vulnerability {unknown}
Potions
 h - a potion of cancellation
 n - a potion of haste


   Skills:
 + Level 5.3 Fighting
 - Level 3.0 Dodging
 - Level 1.7 Stealth
 - Level 2.6 Unarmed Combat


You had 3 spell levels left.
You didn't know any spells.
Your spell library contained the following spells:

 Spells                   Type           Power      Damage    Failure   Level
 Hailstorm                Conj/Ice       0%         3d3       100%        3
 Inner Flame              Hex/Fire       0%         N/A       100%        3
 Flame Wave               Conj/Fire      0%         2d4       100%        4
 Ice Form                 Ice/Tmut       0%         N/A       100%        4
 Sticky Flame             Conj/Fire      0%         2d3       100%        4
 Simulacrum               Ice/Necr       0%         N/A       100%        6


Dungeon Overview and Level Annotations

Branches:
Dungeon (3/15)

Altars:


Innate Abilities, Weirdness & Mutations

A meltable shield of frost defends you. (SH +4)


Message History

The gnoll is severely wounded.
You block the gnoll's attack. The gnoll hits you but does no damage.
You hit the gnoll.
You kill the gnoll!
The gnoll hits you from afar with a +0 spear.
You barely miss the iguana.
The iguana bites you but does no damage.
The gnoll closely misses you.
You hit the iguana but do no damage.
The iguana suddenly stops moving!
The gnoll barely misses you.
The gnoll hits you from afar with a +0 spear!
You hit the adder. You freeze the adder.
The adder is heavily wounded.
The iguana is no longer paralysed.
The adder bites you but does no damage. x2
You closely miss the adder.
The adder is heavily wounded.
The adder bites you.
You are poisoned.
The adder poisons you! The iguana barely misses you.
The gnoll sergeant hits you but does no damage.
You miss the adder.
The adder is heavily wounded.
You feel very sick. You block the adder's attack.
The gnoll sergeant hits you but does no damage.
The iguana bites you! The adder bites you but does no damage.
As you read the scroll labelled ENEZXUMIAB, it crumbles to dust.
It is a scroll of identify.
h - a potion of cancellation You feel sick.
The gnoll sergeant hits you from afar with a +0 trident.
* * * LOW HITPOINT WARNING * * *
The iguana bites you!
* * * LOW HITPOINT WARNING * * *
The adder barely misses you.
As you read the scroll labelled WASAFI AJUM XOFOSO, it crumbles to dust.
You assume a fearsome visage.
The iguana looks frightened!
The gnoll sergeant looks frightened!
The gnoll looks frightened! x2
The adder looks frightened!
It was a scroll of fear.
You die...

................##.
..................
................# .
................+ ....
(...............#.....
#########.............#.
.....####........g.....
.........####.S###..##.#
..)..###.# ##g@lgg.....
.....###.# #####...#.#
##.......###### ....#
#....#.......# .#.# #...
#.#####.# # . ### #.#
#.# #.# ...


You could see a gnoll sergeant (fleeing), an iguana (fleeing), 2 gnolls and an
adder (fleeing).

Vanquished Creatures
  Crazy Yiuf (D:2)
  A gnoll (D:5)
  An adder (D:2)
  2 dart slugs
  An orc (D:3)
  5 endoplasms
  2 giant cockroaches
  7 goblins
  2 hobgoblins
  7 jackals
  5 ball pythons
  5 bats
  12 frilled lizards
  2 kobolds (D:1)
  6 rats
59 creatures vanquished.

Notes
Turn   | Place    | Note
-------+----------+-------------------------------------------
     0 | D:1      | ryw the Demonspawn Monk began the quest for the Orb.
     0 | D:1      | Reached XP level 1. HP: 18/18 MP: 1/1
     6 | D:1      | Noticed a wyvern
     6 | D:1      | Noticed an anaconda
     7 | D:1      | Noticed a black bear
    85 | D:1      | Gained mutation: A meltable shield of frost defends you.
                  | (SH +4) [demonic ancestry]
    85 | D:1      | Reached XP level 2. HP: 21/24 MP: 2/2
   280 | D:1      | Reached skill level 4 in Fighting
   894 | D:1      | Reached XP level 3. HP: 22/30 MP: 3/3
  1677 | D:2      | Reached XP level 4. HP: 33/38 MP: 4/4
  1793 | D:2      | Found a runed translucent door.
  1794 | D:2      | Noticed Crazy Yiuf
  1820 | D:2      | Killed Crazy Yiuf
  1821 | D:2      | Reached skill level 5 in Fighting
  2235 | D:3      | You fall into a shaft and drop 2 floors!
  2235 | D:5      | Entered Level 5 of the Dungeon
  2272 | D:5      | Noticed a gnoll sergeant
  2284 | D:5      | HP: 1/39 [iguana (8)]
  2285 | D:5      | Succumbed to an adder's poison

Illustrated notes

Levels and vault maps discovered:
D:1:      onia_arrival_zoo_common, layout_basic, minmay_box_of_dots
D:2:      layout_basic, minmay_lizard_pond, uniq_crazy_yiuf_cottage
D:3:      minmay_chambers_of_threes, layout_loops_ring
D:5:      black_bear_nest_1, layout_basic, fedhas_ov_isle_minmay,
          makhleb_blood_cavern_becter, mainiacjoe_overflow_brackets

Skill      XL: |  1  2  3  4 |
---------------+-------------+-----
Fighting       | 4 5 |  5.3
Dodging        | 3 |  3.0
Stealth        | |  1.7
Unarmed Combat | |  2.6

Action                   |  1- 3 |  4- 6 || total
-------------------------+-------+-------++-------
Melee: Unarmed           |   187 |    14 ||   201
       Punch             |     2 |     1 ||     3
       Quarterstaff      |       |    13 ||    13
  Use: Potion            |       |     4 ||     4
       Scroll            |       |     2 ||     2
 Stab: Sleeping          |     3 |       ||     3
       Invisible         |       |     2 ||     2
Armor: Robe              |     7 |       ||     7
       Chain mail        |    78 |    12 ||    90
Dodge: Dodged            |    66 |     9 ||    75
Block: Other             |    26 |     5 ||    31

Table legend: (Time is in decaauts)
 A = Elapsed time spent in this place.
 B = Non-inter-level travel time spent in this place.
 C = Inter-level travel time spent in this place.
 D = Time resting spent in this place.
 E = Time spent auto-exploring this place.
 F = Levels seen in this place.
 G = Mean time per level.
                   A        B        C        D        E       F      G
               +--------+--------+--------+--------+--------+-----+--------+
         Total |   2258 |   2184 |     74 |      0 |   1724 |   4 |  564.5 |
       Dungeon |   2258 |   2184 |     74 |      0 |   1724 |   4 |  564.5 |
               +--------+--------+--------+--------+--------+-----+--------+

Top non-repeatable levels by time:
     D:2: 1006 daAuts
     D:1: 1002 daAuts
     D:3: 197 daAuts
     D:5: 51 daAuts
